 Dungeon Crawl Stone Soup version bcrawl-1.40.3b (webtiles) character file.

Game seed: 6451745280692328972

258302 vcxz the Slicer (level 9, 0/82 HPs)
             Began as a Naga Archaeologist on Dec 6, 2023.
             Was a Believer of Okawaru.
             Slain by a meliai zombie (3 damage)
             ... on level 7 of the Dungeon.
             The game lasted 00:13:17 (7607 turns).

vcxz the Slicer (Naga Archaeologist)                Turns: 7607, Time: 00:13:18

Health: 0/82       AC: 10    Str: 26    XL:     9   Next: 88%
Magic:  8/8        EV: 10    Int: 25    God:    Okawaru [**....]
Gold:   501        SH:  0    Dex:  9    Spells: 8/8 levels left

rFire    + + .     GDR:     25% k - +1 short sword (flame)
rCold    . . .     SeeInvis +   (no shield)
rNeg     + . .     Gourm    .   g - +2 ring mail of the Purple Skies {Str+5 Int+5}
rPois    +         Faith    .   d - +1 hat
rElec    .         Spirit   .   (no cloak)
rCorr    +         Reflect  .   n - +0 pair of gloves
MR       +....                  (no barding)
Stlth    ++........             (no amulet)
HPRegen  0.23/turn              h - ring "Tael Cewn" {+Inv rCorr Str+5}
MPRegen  0.11/turn              i - ring "Jiall" {rF++ rN+}

@: about to teleport, very slow
A: large, tail, swims, see invisible, clever 1, deformed body, low mp 1, poison
resistance, slowness 2, slow metabolism 1, spit poison 1, strong 1, AC +3
a: Spit Poison, Heroism, Renounce Religion, Evoke Invisibility


You were on level 7 of the Dungeon.
You worshipped Okawaru.
Okawaru was pleased with you.
You were hungry.

You visited 2 branches of the dungeon, and saw 8 of its levels.
You also visited: Sewer.

You collected 501 gold pieces.

Inventory:

Hand Weapons
 b - a +0 whip of flaming
 k - a +1 short sword of flaming (weapon)
 m - a +1 dagger of venom
 t - a +2 whip of distortion
 y - a +2 short sword of holy wrath
Armour
 c - a +1 robe
 d - a +1 hat (worn)
 g - the +2 ring mail of the Purple Skies (worn) {Str+5 Int+5}
   (You found it on level 6 of the Dungeon)

   It affects your strength (+5).
   It affects your intelligence (+5).
 n - a +0 pair of gloves (worn)
Jewellery
 h - the ring "Tael Cewn" (left hand) {+Inv rCorr Str+5}
   (You acquired it on level 3 of the Dungeon)

   [ring of resist corrosion]

   It affects your strength (+5).
   It lets you turn invisible.
   It provides partial protection from all sources of acid and corrosion.
 i - the ring "Jiall" (right hand) {rF++ rN+}
   (You acquired it on level 7 of the Dungeon)

   [ring of positive energy]

   It greatly protects you from fire.
   It protects you from negative energy.
Wands
 f - a wand of flame (7)
 p - a wand of iceblast (3)
Scrolls
 a - 5 scrolls of remove curse
 r - a scroll of amnesia
Potions
 o - 4 potions of brilliance
 s - 4 potions of mutation
 u - a potion of might
 v - a potion of agility
 w - a potion of resistance {unknown}
 x - 2 potions of flight {unknown}
 z - 4 potions of heal wounds
 A - 2 potions of curing
Comestibles
 e - 17 rations {!d}


   Skills:
 + Level 5.7 Fighting
 - Level 8.1 Short Blades
 - Level 1.5 Maces & Flails
 + Level 4.7 Armour
 + Level 6.0 Dodging
 - Level 4.8 Stealth


You had 8 spell levels left.
You didn't know any spells.
Your spell library was empty.

Dungeon Overview and Level Annotations

Branches:
Dungeon (7/12)             Temple (1/1) D:5
   Lair: D:7-9

Altars:
Ashenzari
Cheibriados
Elyvilon
Gozag
Hepliaklqana
Lugonu
Nemelex Xobeh
Okawaru
Qazlal
Ru
Trog
Wu Jian
Xom
Yredelemnul
Zin
The Shining One


Innate Abilities, Weirdness & Mutations

You cannot wear boots.
You can swim through water.
Your serpentine skin is tough. (AC +3)
You have supernaturally acute eyesight. (SInv)
Armour fits poorly on your strangely shaped body.
Your system is resistant to poisons. (rPois)
You cover ground very slowly.
You have a slow metabolism.
You can spit poison.
Your mind is acute. (Int +2)
Your magical capacity is low. (-10% MP)
Your muscles are strong. (Str +2)


Message History

The meliai zombie hits you.
* * * LOW HITPOINT WARNING * * *
The meliai zombie hits you.
* * * LOW HITPOINT WARNING * * *
As you read the scroll of teleportation, it crumbles to dust.
You feel strangely unstable.
The meliai zombie hits you but does no damage.
The meliai zombie hits you.
* * * LOW HITPOINT WARNING * * *
The meliai zombie hits you!
* * * LOW HITPOINT WARNING * * *
The meliai zombie hits you but does no damage.
The meliai zombie hits you.
* * * LOW HITPOINT WARNING * * *
The meliai zombie hits you but does no damage.
No path to travel!
The meliai zombie hits you.
* * * LOW HITPOINT WARNING * * *
The meliai zombie hits you.
You die...

......... ..........
..##....#####.#..#...
...#.................
#.........# ##........
#.........# ###......
#.........######..#...
.##...#....#........#...
....$.+.............#...
.##...#@...#.#.###......
.......Z........##..##.)
##.....>.#.#.#..##....()
#........(#.#..........
#.........#....##.##...
###.#.....##...........
.........#####.#.###..
.........<.............
...................###..


You could see a meliai zombie.

Vanquished Creatures
  Pikel (D:4)
  Joseph (D:7)
  A troll (D:7)
  Eustachio (D:6)
  3 orc warriors
  A sky beast (D:7)
  An ogre (D:5)
  A black bear (D:6)
  A phantom (D:4)
  A kobold brigand (Sewer)
  Blork the orc (D:6)
  2 scorpions (D:6)
  4 killer bees (D:7)
  An orc priest (D:4)
  2 crimson imps (D:5)
  2 bullfrog zombies
  2 jellies (D:5)
  2 hounds
  2 orc wizards (D:4)
  2 bullfrog skeletons
  2 iguanas
  4 worker ants
  Terence (D:3)
  A hound zombie (D:7)
  5 river rats (Sewer)
  9 adders
  2 oozes
  3 worms
  2 dart slugs (D:1)
  8 leopard geckos
  18 orcs
  10 ball pythons
  7 giant cockroaches
  7 goblins
  6 hobgoblins
  A quokka (D:4)
  3 bats (D:1)
  7 frilled lizards
  3 jackal skeletons
  22 kobolds
  27 rats
180 creatures vanquished.

Notes
Turn   | Place    | Note
-------+----------+-------------------------------------------
     0 | D:1      | vcxz the Naga Archaeologist began the quest for the Orb.
     0 | D:1      | Reached XP level 1. HP: 18/18 MP: 1/1
   113 | D:1      | Reached XP level 2. HP: 5/25 MP: 2/2
   421 | D:1      | Reached XP level 3. HP: 29/31 MP: 3/3
   656 | D:1      | Reached skill level 1 in Short Blades
  2070 | D:3      | Reached XP level 4. HP: 23/38 MP: 4/4
  2146 | D:3      | Noticed Terence
  2147 | D:3      | Gained mutation: Your magical capacity is low. (-10% MP)
                  | [potion of mutation]
  2147 | D:3      | Gained mutation: Your muscles are strong. (Str +2) [potion
                  | of mutation]
  2147 | D:3      | Gained mutation: Your mind is acute. (Int +2) [potion of
                  | mutation]
  2152 | D:3      | Killed Terence
  2365 | D:3      | Reached skill level 2 in Short Blades
  2382 | D:3      | Found a sacrificial altar of Ru.
  2573 | D:3      | Reached XP level 5. HP: 44/44 MP: 4/4
  2573 | D:3      | Identified a scroll of acquirement
  2582 | D:3      | Identified the +5 shortbow of Horr {flame, Int+2 Stlth+}
                  | (You acquired it on level 3 of the Dungeon)
  2582 | D:3      | Identified the ring "Tael Cewn" {+Inv rCorr Str+5} (You
                  | acquired it on level 3 of the Dungeon)
  2995 | D:4      | Reached skill level 3 in Short Blades
  3164 | D:4      | Noticed Pikel
  3165 | D:4      | Reached skill level 4 in Short Blades
  3171 | D:4      | Reached XP level 6. HP: 21/51 MP: 5/5
  3190 | D:4      | Killed Pikel
  3191 | D:4      | Reached skill level 7 in Short Blades
  3191 | D:4      | Reached XP level 7. HP: 20/57 MP: 6/6
  3318 | D:4      | Found a glowing golden altar of the Shining One.
  3318 | D:4      | Found a bloodstained altar of Trog.
  3471 | D:4      | Reached XP level 8. HP: 37/66 MP: 7/7
  3790 | D:5      | Entered Level 5 of the Dungeon
  4059 | D:5      | Found a staircase to the Ecumenical Temple.
  4077 | Temple   | Entered the Ecumenical Temple
  4082 | Temple   | Became a worshipper of Warmaster Okawaru
  4214 | D:5      | Reached skill level 8 in Short Blades
  4458 | D:5      | Found a shattered altar of Ashenzari.
  4724 | D:5      | Found an ornate altar of the Wu Jian Council.
  5257 | D:6      | Got a twisted ring mail
  5276 | D:6      | Identified the +2 ring mail of the Purple Skies {Str+5
                  | Int+5} (You found it on level 6 of the Dungeon)
  5341 | D:6      | Found a glowing drain.
  5364 | Sewer    | Entered a sewer
  5532 | Sewer    | Reached * piety under Okawaru
  5658 | Sewer    | Reached skill level 5 in Dodging
  5933 | Sewer    | Reached skill level 1 in Armour
  6198 | D:6      | Noticed Blork the orc
  6207 | D:6      | Killed Blork the orc
  6208 | D:6      | Reached XP level 9. HP: 65/79 MP: 8/8
  6347 | D:6      | Found a hazy altar of Hepliaklqana.
  6405 | D:6      | Noticed Eustachio
  6430 | D:6      | Found a corrupted altar of Lugonu.
  6501 | D:6      | Killed Eustachio
  6742 | D:7      | Reached skill level 5 in Fighting
  6857 | D:7      | Noticed a troll
  6871 | D:7      | Killed a troll
  6871 | D:7      | Reached ** piety under Okawaru
  6907 | D:7      | Identified the +0 quick blade of Embarrassment {elec,
                  | Int+8} (You acquired it on level 7 of the Dungeon)
  6907 | D:7      | Identified the ring "Jiall" {rF++ rN+} (You acquired it on
                  | level 7 of the Dungeon)
  7040 | D:7      | Noticed Joseph
  7079 | D:7      | Killed Joseph
  7606 | D:7      | HP: 4/82 [meliai zombie (3)]
  7607 | D:7      | Slain by a meliai zombie

Skill      XL: |  1  2  3  4  5  6  7  8  9 |
---------------+----------------------------+-----
Dodging        | 3 5 6 |  6.0
Short Blades   | 1 2 4 7 8 |  8.1
Fighting       | 4 5 |  5.7
Armour         | 1 4 |  4.7
Maces & Flails | |  1.5
Stealth        | |  4.8

Action                   |  1- 3 |  4- 6 |  7- 9 || total
-------------------------+-------+-------+-------++-------
Melee: Whip              |    38 |       |       ||    38
       Dagger            |    87 |   103 |   558 ||   748
       Short sword       |       |     2 |    74 ||    76
 Abil: Spit Poison       |     4 |     2 |     8 ||    14
       Evoke Invisibilit |       |       |     1 ||     1
Evoke: Wand              |       |     4 |    14 ||    18
  Use: Potion            |       |     5 |     5 ||    10
       Scroll            |       |     6 |     9 ||    15
 Stab: Sleeping          |    13 |     5 |     1 ||    19
       Invisible         |       |       |     1 ||     1
  Eat: Chunk             |     6 |     5 |    17 ||    28
       Ration            |       |       |     1 ||     1
Armor: Robe              |    35 |    21 |    29 ||    85
       Skin              |       |    38 |     4 ||    42
       Ring mail         |       |       |   194 ||   194
Dodge: Dodged            |    60 |    48 |   270 ||   378
